 Dungeon Crawl Stone Soup version 0.28.0 (webtiles) character file.

Game seed: 17237611303420021279

1056 bande the Chopper (level 8, -10/50 HPs)
             Began as a Gargoyle Fighter on Feb 8, 2022.
             Mangled by a wight (15 damage)
             ... on level 5 of the Dungeon.
             The game lasted 00:09:33 (7167 turns).

bande the Chopper (Gargoyle Fighter)                Turns: 7167, Time: 00:09:34

Health: -10/50     AC: 15    Str: 20    XL:     8   Next: 26%
Magic:  8/8        EV:  9    Int:  9    God:
Gold:   288        SH:  5    Dex: 11    Spells: 7/7 levels left

rFire   + . .      SeeInvis +   a - +0 war axe (flame)
rCold   + . .      Faith    .   c - +0 buckler
rNeg    + . .      Spirit   .   b - +0 scale mail
rPois   ∞          Reflect  .   f - +1 helmet
rElec   +          Harm     .   j - scarf {rC+ rF+}
rCorr   .          Rampage  .   (no gloves)
Will    .....                   (no boots)
Stlth   ..........              (no amulet)
HPRegen 0.16/turn               l - ring of see invisible
MPRegen 0.11/turn               (no ring)

@: no status effects
A: sickness immunity, AC +5, negative energy resistance 1, electricity
resistance, torment resistance 1, petrification resistance
a: no special abilities


You were on level 5 of the Dungeon.
You visited 1 branch of the dungeon, and saw 6 of its levels.

You collected 288 gold pieces.

Inventory:

Hand Weapons
 a - a +0 war axe of flaming (weapon)
 m - a +2 broad axe of electrocution
Armour
 b - a +0 scale mail (worn)
 c - a +0 buckler (worn)
 f - a +1 helmet (worn)
 h - a +0 cloak
 j - a scarf of resistance (worn)
Jewellery
 l - a ring of see invisible (left hand)
Scrolls
 p - a scroll of fear
Potions
 d - 4 potions of might
 e - 3 potions of heal wounds
 g - 2 potions of flight {unknown}
 i - a potion of cancellation {unknown}
 k - a potion of invisibility {unknown}
 n - 2 potions of curing {unknown}
 o - a potion of brilliance {unknown}
 q - a potion of berserk rage {unknown}


   Skills:
 + Level 5.4 Fighting
 + Level 6.3 Axes
 + Level 5.9 Armour
 + Level 4.5 Shields


You had 7 spell levels left.
You didn't know any spells.
Your spell library contained the following spells:

 Spells                   Type           Power      Damage    Failure   Level
 Magic Dart               Conj           0%         1d3       80%         1
 Slow                     Hex            0%         N/A       80%         1
 Searing Ray              Conj           0%         2d4       91%         2
 Confusing Touch          Hex            0%         N/A       99%         3
 Conjure Flame            Conj/Fire      0%         6-21      99%         3
 Ignite Poison            Fire/Tmut/Pois 0%         N/A       99%         3
 Stone Arrow              Conj/Erth      0%         3d7       99%         3
 Vampiric Draining        Necr           0%         2d6       99%         3
 Animate Armour           Summ/Erth      0%         N/A       100%        4
 Fulminant Prism          Conj/Hex       0%         3d6       100%        4
 Sticky Flame             Conj/Fire      0%         2d3       100%        4
 Lehudib's Crystal Spear  Conj/Erth      0%         10d2      100%        8


Dungeon Overview and Level Annotations

Branches:
Dungeon (6/15)
 Temple: D:4-7

Altars:


Innate Abilities, Weirdness & Mutations

You are immune to sickness and miasma.
Your stone body is resilient. (AC +5)
You are immune to poison.
You resist negative energy. (rN+)
You are resistant to electric shocks. (rElec)
You are resistant to unholy torment.
You are immune to petrification.


Message History

The centaur unwields a +0 shortbow.
You block the centaur's attack.
The centaur kicks you but does no damage.
You block the wight's attack.
The centaur shoots an arrow.
You block the arrow. The iguana closely misses you.
You climb upwards.
There is a stone staircase leading down here.
You completely miss the iguana. You barely miss the wight. You hit the centaur.
You burn the centaur. The centaur closely misses you.
The centaur kicks you but does no damage.
The wight hits you but does no damage. The centaur barely misses you.
The centaur kicks you but does no damage.
The iguana bites you.
Unknown command.
You completely miss the iguana. You hit the centaur. You burn the centaur.
You hit the wight but do no damage. The centaur hits you.
You block the centaur's attack.
The wight hits you with a +5 great sword of freezing!
The wight freezes you. You block the iguana's attack.
The centaur hits you but does no damage.
The centaur kicks you but does no damage.
You hit the wight. You burn the wight.
The wight is lightly damaged.
You slash the centaur! You burn the centaur. You hit the iguana.
You burn the iguana. You block the centaur's attack.
The centaur closely misses you. The wight misses you. The iguana bites you.
The centaur hits you.
* * * LOW HITPOINT WARNING * * *
The centaur kicks you but does no damage.
The wight hits you with a +5 great sword of freezing!
* * * LOW HITPOINT WARNING * * *
The wight freezes you.
* * * LOW HITPOINT WARNING * * *
You hit the wight. You burn the wight.
The wight is severely damaged.
You barely miss the iguana. You barely miss the centaur.
The centaur barely misses you.
The centaur kicks you but does no damage.
The iguana bites you but does no damage.
The wight hits you with a +5 great sword of freezing!
You die...

#.......####..#
#.........
#.........##..#
#.........
##........#...#
#.........
#........#...#
##........
#........#..##
#........
##........#..#
#........
#...........##
#........
#........zc.#
#........
#........@l.#
#########
##....##.#..#
##...####..##
#..## ##..###
###### ####
###..####....###
####
##............
#..##
##...........
###.#
############ #.#
####.......


You could see a centaur, an iguana and a wight.

Vanquished Creatures
  Duvessa (D:4)
  An ice beast (D:4)
  A black bear (D:3)
  An ogre (D:6)
  A bullfrog (D:6)
  A scorpion (D:4)
  Dowan (D:4)
  3 wights (D:4)
  A gnoll shaman (D:4)
  2 hounds
  A jelly (D:5)
  A bullfrog skeleton (D:4)
  2 iguanas
  A hound zombie (D:5)
  A howler monkey zombie (D:5)
  Robin (D:3)
  3 gnolls (D:4)
  2 adders
  A white imp (D:5)
  An ufetubus (D:5)
  An adder skeleton (D:4)
  2 dart slugs
  5 orcs
  8 ball pythons
  11 bats
  5 endoplasms
  2 giant cockroaches (D:2)
  17 goblins
  8 hobgoblins
  8 jackals
  3 frilled lizards
  10 kobolds
  3 rats
110 creatures vanquished.

Notes
Turn   | Place    | Note
-------+----------+-------------------------------------------
     0 | D:1      | bande the Gargoyle Fighter began the quest for the Orb.
     0 | D:1      | Reached XP level 1. HP: 14/14 MP: 1/1
     5 | D:1      | Found a faded altar of an unknown god.
    28 | D:1      | Reached XP level 2. HP: 15/19 MP: 2/2
   124 | D:1      | Reached skill level 2 in Axes
   487 | D:1      | Reached XP level 3. HP: 23/23 MP: 3/3
  1506 | D:2      | Reached XP level 4. HP: 29/29 MP: 4/4
  1779 | D:3      | Noticed Robin
  1784 | D:3      | Noticed a black bear
  1787 | D:3      | Killed Robin
  1788 | D:3      | Reached skill level 3 in Axes
  1913 | D:3      | Killed a black bear
  1914 | D:3      | Reached XP level 5. HP: 30/33 MP: 5/5
  2654 | D:4      | Reached skill level 4 in Axes
  2654 | D:4      | Reached XP level 6. HP: 15/38 MP: 6/6
  2936 | D:4      | Noticed Dowan
  2937 | D:4      | Noticed Duvessa
  3447 | D:4      | Killed Duvessa
  3727 | D:4      | Killed Dowan
  3984 | D:4      | Reached XP level 7. HP: 44/44 MP: 7/7
  3999 | D:4      | Reached skill level 5 in Axes
  3999 | D:4      | Reached skill level 5 in Armour
  4932 | D:4      | Reached skill level 5 in Fighting
  5006 | D:5      | Entered Level 5 of the Dungeon
  5501 | D:5      | Identified a scroll of acquirement
  5501 | D:5      | Acquired a +2 broad axe of electrocution
  6687 | D:6      | Reached XP level 8. HP: 49/49 MP: 8/8
  6712 | D:6      | Reached skill level 6 in Axes
  7167 | D:5      | Mangled by a wight

Illustrated notes

Levels and vault maps discovered:
D:1:      heliophobic_arrival_enchanted_forest, layout_rooms,
          ebering_ecumenical_altar_petrified
D:2:      kennysheep_six_static_rooms, layout_basic, minmay_heptomino_h4
D:3:      layout_loops_ring, minmay_crystal_water, kennysheep_generic_room_5,
          uniq_robin
D:4:      layout_loops_ring, uniq_duvessa
D:5:      layout_layer_cave
D:6:      cheibrodos_fzero, layout_loops_corners, ebering_ghost_rock_garden

Skill      XL: |  1  2  3  4  5  6  7  8 |
---------------+-------------------------+-----
Axes           | 2 3 4 5 6 |  6.3
Armour         | 4 5 |  5.9
Fighting       | 4 5 |  5.4
Shields        | 4 |  4.5

Action                   |  1- 3 |  4- 6 |  7- 9 || total
-------------------------+-------+-------+-------++-------
Melee: War axe           |    98 |   125 |    93 ||   316
  Use: Scroll            |     4 |     5 |     4 ||    13
Armor: Scale mail        |    54 |    92 |    52 ||   198
Dodge: Dodged            |    51 |    68 |    43 ||   162
Block: Buckler           |    28 |    41 |    29 ||    98
